AoeStats
← Charlitos22

Golden Pit

507622061Analyzed
1v1 RM · 15d ago on Sep 19, 2026· 41m 46s· 2 players
Game mode
Random Map
Map size
Tiny (2 player)
Population
200
Speed
Normal
Resources
Standard
Victory
Conquest
Starting age
Dark Age
Ending age
Imperial Age
RankedLock teamsTeams togetherTeam positionsShared explorationLock speedFull tech treeHidden civsTurbo modeCheats
Victory
Defeat
🇨🇱 Britons · Chile
704
+17
🇺🇸 Lithuanians · United States
718
-17
Charlitos22
3:18 Loom
10:55 Feudal Age
12:30 Double-Bit Axe
14:52 Town Watch
17:41 Castle Age
19:22 Crossbowman
20:55 Stone Mining
21:41 Fletching
25:54 Wheelbarrow
25:31 Pikeman
26:13 Squires
28:34 Forging
28:25 Scale Mail Armor
28:46 Bow Saw
29:06 Gold Mining
35:56 Ballistics
40:17 Imperial Age
39:39 Iron Casting
39:42 Horse Collar
40:59 Hand Cart
42:44 Yeomen
Leeeroy__Jenkins
4:36 Loom
10:21 Feudal Age
11:14 Double-Bit Axe
20:03 Castle Age
19:16 Scale Barding Armor
19:10 Horse Collar
19:38 Gold Mining
21:05 Bow Saw
21:52 Forging
23:24 Heavy Plow
27:52 Bloodlines
28:48 Chain Barding Armor
28:33 Husbandry
32:41 Stone Mining
33:50 Iron Casting
37:32 Stone Shaft Mining
39:36 Imperial Age
37:45 Wheelbarrow
36:55 Town Watch
37:29 Fletching
39:24 Murder Holes
40:13 Hand Cart
40:20 Hand Cart
40:03 Cavalier
41:15 Conscription
Connection lost

Rejoining the realm…

Still unreachable

The connection could not be restored.

Session expired

The server has moved on; the page needs a fresh start.